 Dungeon Crawl Stone Soup version 0.17.1-3-g152610e (webtiles) character file.

520 Ivanskos the Covered (level 7, -3/64 HPs)
             Began as a Deep Dwarf Fighter on Apr 21, 2016.
             Killed by nerve-wracking pain
             ... invoked by an orc priest
              (4 damage)
             ... on level 5 of the Dungeon.
             The game lasted 00:10:46 (3367 turns).

Ivanskos the Covered (Deep Dwarf Fighter)           Turns: 3367, Time: 00:10:47

Health: -3/64      AC: 14    Str: 21    XL:     7   Next: 1%
Magic:  7/7        EV:  5    Int:  9    God:
Gold:   278        SH:  9    Dex: 12    Spells: 0 memorised, 6 levels left

rFire  . . .     SeeInvis .     a - +0 war axe
rCold  . . .     Clarity  .     v - +0 plate armour
rNeg   . . .     SustAt   .     c - +0 shield
rPois  .         Gourm    .     (no helmet)
rElec  .         Spirit   .     (no cloak)
rCorr  .         Warding  .     z - +1 pair of gloves
rMut   .         Stasis   .     (no boots)
MR     +....                    (no amulet)
Stlth  ..........               (no ring)
                                (no ring)

@: non-regenerating, somewhat resistant to hostile enchantments, extremely
unstealthy
A: damage resistance, recharge devices, sense surroundings 1, slow regeneration
3
a: Device Recharging


You were on level 5 of the Dungeon.
You were very hungry.

You visited 1 branch of the dungeon, and saw 5 of its levels.

You collected 278 gold pieces.

Inventory:

Hand Weapons
 a - a +0 war axe (weapon)
Armour
 c - a +0 shield (worn)
 v - a +0 plate armour (worn)
 z - a +1 pair of gloves (worn)
Jewellery
 t - an uncursed ring of magical power
 A - an uncursed ring of teleportation
Wands
 b - a wand of frost (24)
 e - a wand of heal wounds (0)
 s - a wand of paralysis (6)
 u - a wand of disintegration (17)
 y - a wand of polymorph (8)
Scrolls
 f - a scroll of blinking {unknown}
 h - 5 scrolls of identify
 i - a scroll of enchant armour {unknown}
 k - 2 scrolls of teleportation {unknown}
 n - 3 scrolls of remove curse
 p - 3 scrolls of recharging {unknown}
 r - a scroll of immolation {unknown}
Potions
 d - 2 potions of might
 g - a potion of curing
 j - a potion of mutation {unknown}
 m - 2 potions of resistance
 o - a potion of brilliance {unknown}
 w - a potion of degeneration {unknown}
 x - a potion of heal wounds {unknown}
Comestibles
 l - 2 meat rations
 q - 2 bread rations


   Skills:
 * Level 4.3 Fighting
 * Level 4.8 Axes
 * Level 5.5 Armour
 + Level 2.7 Dodging
 - Level 3.2 Shields


You had 6 spell levels left.
You didn't know any spells.

Dungeon Overview and Level Annotations

Branches:
Dungeon (5/15)
 Temple: D:4-7

Altars:
Fedhas
Vehumet
Zin


Innate Abilities, Weirdness & Mutations

You are resistant to damage.
You can recharge devices by infusing magical energy.
You passively map a small area around you.
You do not regenerate naturally.


Message History

The orc priest is moderately wounded.
You hit the orc priest.
The orc priest is almost dead.
The ogre barely misses you. The orc priest closely misses you.
The orc priest hits you but does no damage.
You hit the ogre.
The ogre is almost dead.
Your shield and plate armour prevent you from hitting the orc priest.
The orc priest is moderately wounded.
You hit the orc priest.
You kill the orc priest!
You have reached level 7!
You block the ogre's attack. You block the orc priest's attack.
You hit the ogre.
The ogre is almost dead.
You closely miss the orc priest.
The orc priest is moderately wounded.
The orc priest invokes the aid of Beogh against you.
Pain shoots through your body!
You die...

#........#
##....<..#
##...
##......##
##..#......#
##.. #....†##
##..##......#
##. ##...##
##...###......#
## ###.##
##...##
#......# ##
##.###...##
#.....## #.
##......##
##...## #.
##....oO.##
##### #.
#..#..)@..###
#.
##.####).....##
##. #..#
###.....### #..
##.##
##......### #))
#..#
###......## #..
##.##
###.....####..
#..#
##......##..
#.##
###........ ###
###.....#


You could see an ogre and an orc priest.

Vanquished Creatures
  A centaur (D:5)
  3 orc priests (D:5)
  4 orc wizards
  Jessica (D:3)
  A giant frog skeleton (D:4)
  A worker ant (D:5)
  A worker ant zombie (D:5)
  7 adders
  A worm (D:3)
  3 giant geckos
  10 orcs
  2 ball pythons
  7 bats
  4 giant cockroaches
  6 goblins
  5 hobgoblins
  14 jackals
  3 quokkas (D:5)
  A giant gecko zombie (D:5)
  2 giant newts
  10 kobolds
  4 rats
91 creatures vanquished.

Notes
Turn   | Place    | Note
--------------------------------------------------------------
     0 | D:1      | Ivanskos the Deep Dwarf Fighter began the quest for the Orb.
     0 | D:1      | Reached XP level 1. HP: 20/20 MP: 1/1
   200 | D:1      | Reached XP level 2. HP: 24/27 MP: 2/2
   603 | D:1      | Reached XP level 3. HP: 28/33 MP: 3/3
   801 | D:2      | Reached skill level 1 in Dodging
  1032 | D:2      | Found a blossoming altar of Fedhas.
  1266 | D:2      | Reached skill level 4 in Armour
  1512 | D:3      | Reached XP level 4. HP: 28/42 MP: 4/4
  1637 | D:3      | Noticed Jessica
  1642 | D:3      | Killed Jessica
  2022 | D:4      | Reached XP level 5. HP: 40/49 MP: 5/5
  2046 | D:4      | Found Zin's Purification Station.
  2066 | D:4      | Found a glowing silver altar of Zin.
  2161 | D:4      | Found a radiant altar of Vehumet.
  2524 | D:5      | Entered Level 5 of the Dungeon
  2702 | D:5      | Reached skill level 5 in Armour
  2702 | D:5      | Reached XP level 6. HP: 23/57 MP: 6/6
  2723 | D:5      | Noticed a centaur
  2740 | D:5      | Killed a centaur
  3362 | D:5      | HP: 1/57 [orc priest/hand axe (5)]
  3366 | D:5      | Reached XP level 7. HP: 1/64 MP: 7/7
  3367 | D:5      | Killed from afar by an orc priest

Action                   |  1- 3 |  4- 6 |  7- 9 || total
-------------------------+-------+-------+-------++-------
Melee: War axe           |   140 |   233 |     1 ||   374
Evoke: Wand              |       |     5 |       ||     5
  Use: Scroll            |       |     2 |       ||     2
  Eat: Bread ration      |     1 |       |       ||     1
       Pizza             |       |     2 |       ||     2
